 Dungeon Crawl Stone Soup version 0.20.0-15-g7f486f2 (webtiles) character file.

3677 raph the Grappler (level 9, -4/84 (85) HPs)
             Began as a Troll Warper on June 16, 2017.
             Was a Believer of Okawaru.
             Slain by a two-headed ogre
             ... wielding a +0 giant club
              (10 damage)
             ... on level 8 of the Dungeon.
             The game lasted 00:19:21 (6129 turns).

raph the Grappler (Troll Warper)                    Turns: 6129, Time: 00:19:22

HP:   -4/84 (85)    AC:  5    Str: 21    XL:     9   Next: 89%
MP:   7/10          EV: 14    Int: 10    God:    Okawaru [**....]
Gold: 404           SH:  0    Dex: 11    Spells: 3/11 levels left

rFire    + . .     SeeInvis .     - Unarmed
rCold    x . .     Gourm    +   (no shield)
rNeg     . . .     Faith    .   a - +0 robe
rPois    .         Spirit   .   (helmet restricted)
rElec    .         Reflect  .   (no cloak)
rCorr    .         Harm     .   (gloves unavailable)
MR       .....                  (boots unavailable)
Stlth    +++.......             l - amulet of regeneration
Regen    1.1/turn               t - ring of fire
MPRegen  0.2/turn               e - ring of wizardry

@: heroism
A: unfitting armour, claws 3, fast metabolism 3, gourmand, regeneration 1,
shaggy fur 1, tough skin 2
a: Heroism, Renounce Religion


You were on level 8 of the Dungeon.
You worshipped Okawaru.
Okawaru was pleased with you.
You were very full.

You visited 2 branches of the dungeon, and saw 9 of its levels.

You collected 404 gold pieces.

Inventory:

Hand Weapons
 r - a +2 whip of draining
Missiles
 d - 5 tomahawks of dispersal (quivered)
 y - 2 silver tomahawks
 J - 5 tomahawks
Armour
 a - a +0 robe (worn)
Magical Staves
 v - an uncursed staff of cold
Jewellery
 e - a ring of wizardry (right claw)
 h - an uncursed ring of see invisible {unknown}
 l - an amulet of regeneration (around neck)
 o - an uncursed ring of resist corrosion
 t - a ring of fire (left claw)
 D - an uncursed amulet of magic regeneration
Wands
 x - a wand of clouds (4/9)
 z - a wand of flame (21/48)
 C - a wand of polymorph (9/24)
 H - a wand of polymorph (4/24)
 L - a wand of iceblast (15/15)
Scrolls
 c - 2 scrolls of blinking
 g - a scroll of fear
 i - a scroll of magic mapping
 n - 2 scrolls of remove curse
 B - 2 scrolls of recharging
Potions
 k - 3 potions of heal wounds
 m - 3 potions of agility
 q - 4 potions of curing
 s - a potion of flight
 A - a potion of cancellation
 F - 2 potions of magic
 G - a potion of might
 I - a potion of haste
 O - a potion of resistance
Books
 b - a book of Spatial Translocations

   Spells                             Type                      Level
   a - Blink                          Translocation                2
   b - Shroud of Golubria             Charms/Translocation         2
   c - Lesser Beckoning               Translocation                3
   d - Gell's Gravitas                Translocation                3
   e - Teleport Other                 Translocation                3
   f - Passage of Golubria            Translocation                4
 j - a book of Necromancy

   Spells                             Type                      Level
   a - Pain                           Necromancy                   1
   b - Animate Skeleton               Necromancy                   1
   c - Vampiric Draining              Necromancy                   3
   d - Regeneration                   Charms/Necromancy            3
   e - Animate Dead                   Necromancy                   4
   f - Control Undead                 Necromancy                   4
Comestibles
 f - 4 bread rations
 p - 8 fruits
 w - 4 royal jellies
 E - 3 meat rations


   Skills:
 + Level 4.4(9.4) Fighting
 - Level 0.8(5.8) Throwing
 + Level 4.3(9.3) Dodging
 * Level 11.2(16.2) Unarmed Combat
 - Level 1.8 Spellcasting
 + Level 0.5 Necromancy
 - Level 2.9 Translocations
 + Level 3.4 Invocations


You had 3 spell levels left.
You knew the following spells:

 Your Spells              Type           Power        Failure   Level  Hunger
a - Blink                 Tloc           N/A          6%          2    ###....
b - Shroud of Golubria    Chrm/Tloc      #.........   11%         2    ###....
c - Lesser Beckoning      Tloc           #.........   12%         3    ####...
d - Animate Skeleton      Necr           N/A          11%         1    ##.....


Dungeon Overview and Level Annotations

Branches:
Dungeon (8/15)             Temple (1/1) D:5            Lair (0/6) D:8

Altars:
Ashenzari
Cheibriados
Elyvilon
Fedhas
Gozag
Hepliaklqana
Kikubaaqudgha
Makhleb
Nemelex Xobeh
Okawaru
Qazlal
Ru
Sif Muna
Trog
Uskayaw
Vehumet
Xom
Yredelemnul
Zin
The Shining One

Annotations:
D:8 Psyche


Innate Abilities, Weirdness & Mutations

You are too large for most types of armour.
You have claws for hands.
Your metabolism is lightning-fast.
You like to eat raw meat.
Your natural rate of healing is unusually fast.
You are covered in fur. (AC +1)
You have very tough skin. (AC +2)


Message History

Your shroud begins to fray at the edges.
The two-headed ogre hits you with a giant club.
The two-headed ogre hits you with a giant spiked club!!
You completely miss the two-headed ogre.
The two-headed ogre is moderately wounded.
Psyche mumbles some strange words.
Psyche seems to speed up.
You mangle the two-headed ogre!!
The two-headed ogre is heavily wounded.
The two-headed ogre misses you.
The two-headed ogre hits you with a giant spiked club!!
* * * LOW HITPOINT WARNING * * *
Your shroud falls apart!
Psyche looks satisfied for a moment.
You barely miss the two-headed ogre.
The two-headed ogre is heavily wounded.
The two-headed ogre hits you with a giant club!
* * * LOW HITPOINT WARNING * * *
The two-headed ogre hits you with a giant spiked club!
You die...

..# #.# # ..# ## #.#
.##. $.. . .# #.# ....
#.#.##.## #.# #
#..##.#...... ..#
#.##..Z... .... ..
........#.##.##
#.##.###@#(#...#####
#.....@O......=....#
####.###.###...###.####
#...................
###...#####.###.####
#.#.# #.# #.# ..#...
..# #.# ..##)#.# ####
#.# # #.#.# #.# # #.#
#.#


You could see a two-headed ogre and Psyche.

Vanquished Creatures
  The ghost of Exporg the Shield-Bearer, a novice FoAK of Lugonu (D:7)
  Pikel (D:4)
  A hippogriff (D:7)
  Sigmund (D:4)
  Edmund (D:4)
  Menkaure (D:6)
  An orc warrior (D:5)
  A sky beast (D:5)
  An ice beast (D:6)
  A necrophage (D:7)
  3 bullfrogs
  3 scorpions
  4 wights (D:6)
  A crimson imp (D:6)
  2 bullfrog zombies
  8 hounds
  A jelly (D:7)
  4 orc priests
  2 bullfrog skeletons (D:4)
  An iguana (D:4)
  9 orc wizards
  4 worker ants
  A hound skeleton (D:5)
  A hound zombie (D:7)
  3 gnolls (D:2)
  2 worker ant zombies
  8 adders
  2 shadow imps
  2 adder skeletons
  2 worms
  3 dart slugs
  5 leopard geckos
  27 orcs
  5 ball pythons
  5 giant cockroaches
  6 goblins
  13 hobgoblins
  7 jackals
  A quokka (D:3)
  A ball python zombie (D:5)
  11 bats
  7 frilled lizards
  2 jackal skeletons
  11 kobolds
  6 rats
183 creatures vanquished.

Vanquished Creatures (others)
  A giant cockroach (D:4)
1 creature vanquished.

Grand Total: 184 creatures vanquished

Notes
Turn   | Place    | Note
-------+----------+-------------------------------------------
     0 | D:1      | raph the Troll Warper began the quest for the Orb.
     0 | D:1      | Reached XP level 1. HP: 19/19 MP: 1/1
   195 | D:1      | Reached XP level 2. HP: 27/27 MP: 2/2
   213 | D:1      | Learned a level 2 spell: Blink
   528 | D:1      | Reached skill level 3 in Unarmed Combat
   677 | D:2      | Reached XP level 3. HP: 31/33 MP: 4/4
   684 | D:2      | Learned a level 2 spell: Shroud of Golubria
   833 | D:2      | Found a shattered altar of Ashenzari.
   914 | D:2      | Reached XP level 4. HP: 40/41 MP: 5/5
  1771 | D:3      | Reached skill level 4 in Unarmed Combat
  1771 | D:3      | Reached XP level 5. HP: 23/48 MP: 1/6
  2191 | D:3      | Found a glowing golden altar of the Shining One.
  2572 | D:4      | Reached skill level 5 in Unarmed Combat
  2588 | D:4      | Reached XP level 6. HP: 47/55 MP: 7/7
  2641 | D:4      | Noticed Sigmund
  2658 | D:4      | Killed Sigmund
  2658 | D:4      | Reached skill level 6 in Unarmed Combat
  2809 | D:4      | Found a white marble altar of Elyvilon.
  2863 | D:4      | Found a bloodstained altar of Trog.
  2870 | D:4      | Noticed Pikel
  2870 | D:4      | Noticed a slave
  2870 | D:4      | Noticed a slave
  2870 | D:4      | Noticed a slave
  2871 | D:4      | Noticed a slave
  2890 | D:4      | Killed Pikel
  2890 | D:4      | Reached skill level 8 in Unarmed Combat
  2890 | D:4      | Reached XP level 7. HP: 19/62 MP: 8/8
  2971 | D:4      | Noticed Edmund
  2977 | D:4      | Killed Edmund
  2977 | D:4      | Reached skill level 9 in Unarmed Combat
  2977 | D:4      | Reached XP level 8. HP: 58/70 MP: 9/9
  3335 | D:5      | Entered Level 5 of the Dungeon
  3579 | D:5      | Found a radiant altar of Vehumet.
  3991 | D:5      | Learned a level 3 spell: Lesser Beckoning
  4138 | D:5      | Found a sacrificial altar of Ru.
  4285 | D:5      | Found a staircase to the Ecumenical Temple.
  4521 | Temple   | Entered the Ecumenical Temple
  4590 | Temple   | Became a worshipper of Warmaster Okawaru
  4609 | D:6      | Noticed Menkaure
  4611 | D:6      | Killed Menkaure
  4611 | D:6      | Reached skill level 10 in Unarmed Combat
  4655 | D:6      | Reached skill level 1 in Invocations
  4714 | D:6      | Reached XP level 9. HP: 80/83 MP: 10/10
  4727 | D:6      | Reached * piety under Okawaru
  4894 | D:6      | Found a basalt altar of Yredelemnul.
  5515 | D:7      | Noticed Exporg's ghost (novice FoAK)
  5515 | D:7      | Found a blossoming altar of Fedhas.
  5535 | D:7      | Killed Exporg's ghost
  5535 | D:7      | Reached ** piety under Okawaru
  5678 | D:7      | Reached skill level 11 in Unarmed Combat
  5762 | D:7      | Learned a level 1 spell: Animate Skeleton
  5819 | D:7      | Found a deep blue altar of Sif Muna.
  6059 | D:8      | Found a staircase to the Lair.
  6117 | D:8      | Noticed Psyche
  6117 | D:8      | Noticed a two-headed ogre
  6129 | D:8      | Slain by a two-headed ogre

Skill      XL: |  1  2  3  4  5  6  7  8  9 |
---------------+----------------------------+-----
Unarmed Combat | 3 4 5 8 9 10 11 | 11.2
Dodging        | 3 4 |  4.3
Fighting       | 3 4 |  4.4
Invocations    | 1 3 |  3.4
Throwing       | |  0.8
Spellcasting   | |  1.8
Necromancy     | |  0.5
Translocations | |  2.9

Action                   |  1- 3 |  4- 6 |  7- 9 || total
-------------------------+-------+-------+-------++-------
Melee: Unarmed           |   123 |   195 |   309 ||   627
       Punch             |     3 |     1 |    15 ||    19
 Cast: Shroud of Golubri |       |     2 |     7 ||     9
Invok: Heroism           |       |       |     1 ||     1
  Use: Scroll            |       |       |    22 ||    22
 Stab: Sleeping          |       |       |     1 ||     1
  Eat: Chunk             |    12 |    20 |    30 ||    62
Armor: Robe              |    35 |    57 |    95 ||   187
Dodge: Dodged            |    59 |    70 |   119 ||   248
